 Dungeon Crawl Stone Soup version 0.21.1-1-g345015f (webtiles) character file.

1210 xccam the Carver (level 8, 0/58 HPs)
             Began as a Formicid Fighter on Mar 26, 2018.
             Was a Believer of Cheibriados.
             Killed by nerve-wracking pain
             ... invoked by an orc priest
              (4 damage)
             ... on level 6 of the Dungeon.
             The game lasted 00:06:36 (4191 turns).

xccam the Carver (Formicid Fighter)                 Turns: 4191, Time: 00:06:37

Health: 0/58       AC:  6    Str: 27    XL:     8   Next: 74%
Magic:  17/17      EV:  8    Int: 11    God:    Cheibriados [**....]
Gold:   189        SH: 10    Dex: 15    Spells: 7/7 levels left

rFire    . . .     SeeInvis +   a - +0 long sword
rCold    . . .     Gourm    .   c - +0 shield
rNeg     . . .     Faith    .   b - +0 scale mail
rPois    .         Spirit   .   (helmet unavailable)
rElec    .         Reflect  .   (no cloak)
rCorr    .         Harm     .   (no gloves)
MR       .....                  (no boots)
Stlth    ..........             (no amulet)
HPRegen  0.19/turn              o - ring of magical power
MPRegen  0.15/turn              (no ring)

@: very slow
A: permanent stasis, dig shafts and tunnels, four strong arms, antennae 3
a: Dig, Shaft Self, Bend Time, Renounce Religion


You were on level 6 of the Dungeon.
You worshipped Cheibriados.
Cheibriados was pleased with you.
You were not hungry.

You visited 1 branch of the dungeon, and saw 6 of its levels.

You collected 189 gold pieces.

Inventory:

Hand Weapons
 a - a +0 long sword (weapon)
Armour
 b - a +0 scale mail (worn)
 c - a +0 shield (worn)
Jewellery
 o - a ring of magical power (left hand)
Wands
 g - a wand of iceblast (11)
 p - a wand of scattershot (7)
Scrolls
 h - a scroll of noise {unknown}
 m - a scroll of amnesia
 n - 2 scrolls of enchant weapon {unknown}
 q - a scroll of remove curse
 r - a scroll of fog
 s - 2 scrolls of immolation {unknown}
 t - 2 scrolls of identify
Potions
 d - a potion of might
 e - 2 potions of degeneration
 i - a potion of resistance {unknown}
 j - 2 potions of flight
 k - a potion of brilliance {unknown}
 l - 2 potions of heal wounds
 u - 2 potions of curing {unknown}
Comestibles
 f - 10 rations


   Skills:
 + Level 3.3 Fighting
 + Level 10.0 Long Blades
 + Level 3.3 Armour
 + Level 0.1 Dodging
 * Level 3.7 Shields


You had 7 spell levels left.
You didn't know any spells.

Dungeon Overview and Level Annotations

Branches:
Dungeon (6/15)
 Temple: D:4-7

Altars:
Cheibriados
Makhleb
Trog
Uskayaw


Innate Abilities, Weirdness & Mutations

You cannot be hasted, slowed, berserked, paralysed or teleported.
You can dig through walls and to a lower floor.
Your four strong arms can wield two-handed weapons with a shield.
You have a pair of large antennae on your head. (SInv)


Message History

The orc priest is lightly wounded.
The orc priest completely misses you.
You slash the orc priest!
The orc priest is severely wounded.
You hit the orc priest.
The orc priest is almost dead.
The orc priest calls down the wrath of Beogh upon you.
Pain shoots through your body!
* * * LOW HITPOINT WARNING * * *
You barely miss the orc priest.
The orc priest is almost dead.
The orc priest hits you but does no damage.
The orc priest invokes the aid of Beogh against you.
Beogh smites you!
* * * LOW HITPOINT WARNING * * *
You closely miss the orc priest.
The orc priest is almost dead.
The orc priest invokes the aid of Beogh against you.
Pain shoots through your body!
You die...

.# ####. #.... ...
{.o. #o# #o# #@#
####.######
#......?..# {
#.##.####.# ##+## #
#.....#.# ##...##
#..##.#.###.....##
#...#.#.##.......##
#.....#.#.........#
#.......'.........+


You could see 2 orc priests and an orc.

Vanquished Creatures
  Grinder (D:3)
  The ghost of xccam the Slasher, an amateur FoFi (D:4)
  A black bear (D:6)
  2 ogres
  A scorpion (D:5)
  2 howler monkeys
  2 crimson imps
  3 orc priests
  A centaur zombie (D:5)
  A centaur skeleton (D:4)
  3 hounds
  2 orc wizards (D:5)
  7 adders
  An adder zombie (D:5)
  An adder skeleton (D:3)
  6 worms
  3 dart slugs
  2 leopard geckos
  4 orcs (D:5)
  5 giant cockroaches
  5 goblins
  12 hobgoblins
  2 jackals (D:5)
  A quokka (D:5)
  6 bats
  2 frilled lizards
  A jackal skeleton (D:5)
  2 kobolds
  A quokka skeleton (D:4)
  6 rats
87 creatures vanquished.

Vanquished Creatures (others)
  A wizard (D:5)
1 creature vanquished.

Grand Total: 88 creatures vanquished

Notes
Turn   | Place    | Note
-------+----------+-------------------------------------------
     0 | D:1      | xccam the Formicid Fighter began the quest for the Orb.
     0 | D:1      | Reached XP level 1. HP: 18/18 MP: 1/1
    66 | D:1      | Reached XP level 2. HP: 21/24 MP: 2/2
   118 | D:1      | Reached skill level 3 in Long Blades
   444 | D:1      | Reached XP level 3. HP: 29/29 MP: 3/3
   644 | D:2      | Reached skill level 4 in Long Blades
   644 | D:2      | Reached XP level 4. HP: 21/35 MP: 4/4
   989 | D:2      | Found a hide-covered altar of Uskayaw.
  1622 | D:3      | Noticed Grinder
  1629 | D:3      | Killed Grinder
  1629 | D:3      | Reached skill level 6 in Long Blades
  1629 | D:3      | Reached XP level 5. HP: 19/41 MP: 5/5
  1629 | D:3      | Reached XP level 6. HP: 22/47 MP: 6/6
  1706 | D:3      | Found a burning altar of Makhleb.
  1706 | D:3      | Noticed a cacodemon
  1709 | D:3      | Noticed a smoke demon
  1709 | D:3      | Noticed a smoke demon
  2314 | D:3      | Noticed an ogre
  2324 | D:3      | Killed an ogre
  2324 | D:3      | Reached skill level 7 in Long Blades
  2324 | D:3      | Reached XP level 7. HP: 21/52 MP: 7/7
  2510 | D:3      | Found a faded altar of an unknown god.
  2515 | D:3      | Became a worshipper of Cheibriados the Contemplative
  2515 | D:3      | Reached * piety under Cheibriados
  2980 | D:4      | Noticed xccam's ghost (amateur FoFi)
  2988 | D:4      | Killed xccam's ghost
  3178 | D:5      | Entered Level 5 of the Dungeon
  3206 | D:5      | Reached skill level 8 in Long Blades
  3373 | D:5      | Reached XP level 8. HP: 52/58 MP: 8/8
  3472 | D:5      | Reached ** piety under Cheibriados
  3495 | D:5      | Reached skill level 9 in Long Blades
  4012 | D:5      | Found a bloodstained altar of Trog.
  4013 | D:5      | Noticed a wizard
  4017 | D:5      | Killed a wizard
  4164 | D:6      | Reached skill level 10 in Long Blades
  4191 | D:6      | Killed from afar by an orc priest

Skill      XL: |  1  2  3  4  5  6  7  8 |
---------------+-------------------------+-----
Long Blades    | 3 4 6 7 8 10 | 10.0
Fighting       | |  3.3
Armour         | |  3.3
Dodging        | |  0.1
Shields        | |  3.7

Action                   |  1- 3 |  4- 6 |  7- 9 || total
-------------------------+-------+-------+-------++-------
Melee: Long sword        |    82 |   102 |   178 ||   362
  Use: Scroll            |     1 |     4 |     3 ||     8
       Potion            |       |       |     1 ||     1
  Eat: Chunk             |       |     1 |     4 ||     5
       Ration            |       |     1 |       ||     1
Armor: Scale mail        |    46 |    30 |    45 ||   121
Dodge: Dodged            |    29 |    25 |    39 ||    93
Block: Shield            |    57 |    39 |    91 ||   187
       Rpst.: Long sword |    11 |    10 |     7 ||    28
